Ducks vs Wild

Created - 2 novembre 2017 at 18:14

Goals
1 2 3 T
Ducks 2 0 0 2
Wild 1 0 0 1
Shots
1 2 3 T
Ducks 8 12 2 22
Wild 10 13 10 33

1st period

1. Wild , Christian Dvorak 3 (Nikita Zadorov 1) at 9:08
2. Ducks , Riley Nash 1 (Nick Leddy 5) at 11:40
3. Ducks , Jordan Staal 5 (Phillip Danault 4, David Krejci 6) at 15:15

Penalties :
No Penalty

2nd period

No Goal

Penalties :
Cody McLeod (ANA) for Hooking (Minor) at 16:33

3rd period

No Goal

Penalties :
Deryk Engelland (ANA) for Diving (Minor) at 7:08, Brent Burns (MIW) for Hooking (Minor) at 10:23, Ryan Suter (MIW) for Interference (Minor) at 18:05

Goalie Stats

Jacob Markstrom (ANA), 32 saves from 33 shots - (0,970), W, 1-1-0, 60:00 minutes
Devan Dubnyk (MIW), 20 saves from 22 shots - (0,909), L, 4-5-1, 60:00 minutes

Players Stats for Ducks

Player Name              G  A  P  +/- PIM S  H  SB GA TA FO     MP     PP MP  PK MP  
------------------------------------------------------------------------------------
Cody McLeod              0  0  0   1  2   1  3  1  0  1  0/0    11:06   0:00   0:46 
Connor Carrick           0  0  0   0  0   1  0  1  0  1  0/0    14:14   0:00   0:16 
Craig Smith              0  0  0  -1  0   3  1  0  0  0  0/0    13:48   0:14   0:30 
David Krejci             0  1  1   0  0   1  2  0  1  1  12/20  18:50   1:44   0:11 
Deryk Engelland          0  0  0   0  2   1  0  2  0  0  0/0    16:24   0:00   0:34 
Jack Johnson             0  0  0   1  0   0  1  4  0  2  0/0    24:17   2:00   0:00 
Jean-Gabriel Pageau      0  0  0   1  0   1  0  0  0  1  0/1    15:52   1:44   0:48 
Jonathan Ericsson        0  0  0   0  0   0  2  0  0  1  0/0    17:04   2:00   2:14 
Jordan Staal             1  0  1   1  0   2  2  0  0  2  6/10   15:34   2:09   0:00 
Milan Lucic              0  0  0   0  0   3  1  0  1  0  0/0    18:56   2:09   0:00 
Nick Leddy               0  1  1   0  0   3  1  2  0  2  0/0    20:39   1:53   1:44 
Patrik Laine             0  0  0   0  0   0  2  0  1  0  0/0    17:09   1:07   0:54 
Phillip Danault          0  1  1   1  0   0  2  2  2  1  3/5    17:36   0:48   2:35 
Rasmus Ristolainen       0  0  0   1  0   2  2  2  0  0  0/0    26:57   1:53   2:14 
Riley Nash               1  0  1   1  0   1  1  0  0  0  1/4     8:44   0:00   0:00 
Tom Wilson               0  0  0  -1  0   0  2  1  0  0  1/3    15:30   1:44   1:50 
Tommy Wingels            0  0  0   1  0   1  0  0  0  0  0/0     9:32   0:00   0:48 
Trevor Lewis             0  0  0  -1  0   2  1  0  1  0  1/3    13:48   0:00   0:28 

Players Stats for Wild

Player Name              G  A  P  +/- PIM S  H  SB GA TA FO     MP     PP MP  PK MP  
------------------------------------------------------------------------------------
Adam Lowry               0  0  0  -1  0   0  3  0  0  0  7/14   18:37   2:02   2:03 
Brent Burns              0  0  0   0  2   5  4  0  2  0  0/2    20:10   2:30   0:35 
Chris Tierney            0  0  0  -1  0   0  0  1  0  0  2/5     9:51   0:00   1:22 
Christian Dvorak         1  0  1   1  0   2  1  0  1  1  3/4    13:06   0:00   1:11 
Daniel Sedin             0  0  0   1  0   1  3  0  0  0  0/0    15:16   1:56   1:06 
Evgeny Kuznetsov         0  0  0   0  0   2  3  1  1  0  3/5    19:02   2:02   0:00 
Jack Eichel              0  0  0   0  0   2  1  1  1  2  6/15   19:09   1:56   0:00 
Joel Ward                0  0  0   1  0   1  0  1  0  0  1/1    13:59   0:00   2:04 
John Moore               0  0  0  -2  0   1  3  0  0  1  0/0    18:48   1:28   1:36 
Jonas Brodin             0  0  0  -2  0   0  0  1  0  0  0/0    15:08   0:00   0:00 
Kris Letang              0  0  0   0  0   7  1  1  1  0  0/0    23:12   2:30   0:00 
Lawson Crouse            0  0  0  -1  0   1  0  0  0  1  0/0     8:23   0:00   0:00 
Marcus Johansson         0  0  0  -1  0   6  2  0  3  1  0/0    16:41   1:56   0:00 
Martin Marincin          0  0  0   1  0   1  1  0  0  0  0/0    18:00   0:00   2:17 
Nikita Zadorov           0  1  1   1  0   0  1  1  1  0  0/0    18:00   0:00   2:17 
Ryan Hartman             0  0  0  -1  0   2  0  0  2  0  0/0     8:23   0:00   0:00 
Ryan Suter               0  0  0   0  2   1  3  1  0  0  0/0    23:46   1:28   1:01 
William Nylander         0  0  0  -1  0   1  1  0  0  0  0/0    16:34   2:02   0:00 

3 Stars

1 - Jacob Markstrom (ANA)
2 - Jordan Staal (ANA)
3 - Riley Nash (ANA)

Power Play

Ducks - 0 on 2 Attempt(s) - 0,00%
Wild - 0 on 2 Attempt(s) - 0,00%

Penalty Kill

Ducks - 2 on 2 Attempt(s) - 100,00% - Score 0 goal in Penalty Kill
Wild - 2 on 2 Attempt(s) - 100,00% - Score 0 goal in Penalty Kill

Team Stat

Ducks - Hits : 23 - Faceoff Wins : 24 - Blocked Shots : 15 - Penalty Minutes : 4
Wild - Hits : 27 - Faceoff Wins : 22 - Blocked Shots : 8 - Penalty Minutes : 4

Official

Referees : Frederick L'Ecuyer and Tom Chmielewski
Linesman : Scott Driscoll and Ryan Gibbons

Game Notes

Patrik Laine is injured at 13:42 of 3rd period (Fractured Metatarsal (Right Foot))

Finance

Level 1 -- Attendance: 5692 (94,87%) -- Ticket Income 569 200 $
Level 2 -- Attendance: 5000 (100,00%) -- Ticket Income 300 000 $
Level 3 -- Attendance: 1988 (99,40%) -- Ticket Income 69 580 $
Level 4 -- Attendance: 3687 (92,18%) -- Ticket Income 73 740 $
Luxury Box -- Attendance: 772 (77,20%) -- Ticket Income 154 400 $
Game was played at the Xcel Enery Center.
Total Attendance: 17139 (95,22%)
Total Ticket Income: 1 166 920 $
Other Income: 571 791 $
Total Income: 1 738 711 $

Ducks

5 vs 5 Forward 
   Center                   Left Wing                Right Wing               Time % Phy DF OF 
 1 David Krejci             Milan Lucic              Patrik Laine             40     1   2  2  
 2 Jordan Staal             Phillip Danault          Jean-Gabriel Pageau      30     1   2  2  
 3 Trevor Lewis             Craig Smith              Tom Wilson               20     1   2  2  
 4 Riley Nash               Tommy Wingels            Cody McLeod              10     1   2  2  

5 vs 5 Defense 
   Defense                  Defense                                           Time % Phy DF OF 
 1 Rasmus Ristolainen       Jack Johnson                                      40     1   2  2  
 2 Nick Leddy               Deryk Engelland                                   30     1   2  2  
 3 Jonathan Ericsson        Connor Carrick                                    20     1   2  2  
 4 Rasmus Ristolainen       Jack Johnson                                      10     1   2  2  

PowerPlay Forward 
   Center                   Left Wing                Right Wing               Time % Phy DF OF 
 1 Jordan Staal             Milan Lucic              Patrik Laine             60     1   2  2  
 2 David Krejci             Jean-Gabriel Pageau      Tom Wilson               40     1   2  2  

PowerPlay Defense
   Defense                  Defense                                           Time % Phy DF OF 
 1 Rasmus Ristolainen       Nick Leddy                                        60     1   2  2  
 2 Jack Johnson             Jonathan Ericsson                                 40     1   2  2  

Penalty Kill 4 Players Forward 
   Center                   Wing                     Time % Phy DF OF 
 1 Phillip Danault          Tom Wilson               60     1   2  2  
 2 Jean-Gabriel Pageau      Tommy Wingels            40     1   2  2  

Penalty Kill 4 Players Defense
   Defense                  Defense                  Time % Phy DF OF 
 1 Rasmus Ristolainen       Jonathan Ericsson        60     1   2  2  
 2 Nick Leddy               Deryk Engelland          40     1   2  2  

Penalty Kill - 3 Players Forward 
   Forward                                           Time % Phy DF OF 
 1 Patrik Laine                                      60     1   2  2  
 2 Jean-Gabriel Pageau                               40     1   2  2  

Penalty Kill - 3 Players Defense
   Defense                  Defense                  Time % Phy DF OF 
 1 Rasmus Ristolainen       Jack Johnson             60     1   2  2  
 2 Nick Leddy               Deryk Engelland          40     1   2  2  

4 vs 4 Forward 
   Center                   Wing                     Time % Phy DF OF 
 1 Jordan Staal             Patrik Laine             60     1   2  2  
 2 David Krejci             Milan Lucic              40     1   2  2  

4 vs 4 Defense
   Defense                  Defense                  Time % Phy DF OF 
 1 Rasmus Ristolainen       Jack Johnson             60     1   2  2  
 2 Nick Leddy               Deryk Engelland          40     1   2  2  

Last Minutes Offensive
   Center                   Left Wing                Right Wing               Defense                  Defense                  
   Jordan Staal             Milan Lucic              Patrik Laine             Rasmus Ristolainen       Jack Johnson             

Last Minutes Defensive
   Center                   Left Wing                Right Wing               Defense                  Defense                  
   Jordan Staal             Milan Lucic              Patrik Laine             Rasmus Ristolainen       Jack Johnson             

Goaltenders
Starting : Jacob Markstrom          
Backup : Cam Ward                 

Extra Forwards
Normal : Phillip Danault, Craig Smith, Trevor Lewis - PP : Phillip Danault, Craig Smith - PK : Trevor Lewis
Extra Defensemen
Normal : Jonathan Ericsson, Connor Carrick, Nick Leddy - PP : Jonathan Ericsson - PK : Connor Carrick, Nick Leddy
Penalty Shots
Jordan Staal, David Krejci, Milan Lucic, Patrik Laine, Jean-Gabriel Pageau
Custom OT Lines Forwards
Jordan Staal, David Krejci, Milan Lucic, Patrik Laine, Jean-Gabriel Pageau, Phillip Danault, Tom Wilson, Craig Smith, Trevor Lewis, Riley Nash
Custom OT Lines Defensemen
Rasmus Ristolainen, Jack Johnson, Nick Leddy, Deryk Engelland, Jonathan Ericsson

Scratches
Jordin Tootoo (Healthy)

Wild

5 vs 5 Forward 
   Center                   Left Wing                Right Wing               Time % Phy DF OF 
 1 Jack Eichel              Evgeny Kuznetsov         Brent Burns              35     0   1  4  
 2 Adam Lowry               William Nylander         Marcus Johansson         30     0   2  3  
 3 Christian Dvorak         Daniel Sedin             Joel Ward                25     0   4  1  
 4 Chris Tierney            Lawson Crouse            Ryan Hartman             10     1   4  0  

5 vs 5 Defense 
   Defense                  Defense                                           Time % Phy DF OF 
 1 Kris Letang              Ryan Suter                                        40     0   1  4  
 2 John Moore               Jonas Brodin                                      30     0   3  2  
 3 Martin Marincin          Nikita Zadorov                                    30     0   3  2  
 4 Kris Letang              Ryan Suter                                        0      1   2  2  

PowerPlay Forward 
   Center                   Left Wing                Right Wing               Time % Phy DF OF 
 1 Jack Eichel              Daniel Sedin             Marcus Johansson         50     0   0  5  
 2 Evgeny Kuznetsov         Adam Lowry               William Nylander         50     0   0  5  

PowerPlay Defense
   Defense                  Defense                                           Time % Phy DF OF 
 1 Brent Burns              Kris Letang                                       60     0   0  5  
 2 Ryan Suter               John Moore                                        40     0   0  5  

Penalty Kill 4 Players Forward 
   Center                   Wing                     Time % Phy DF OF 
 1 Adam Lowry               Joel Ward                60     0   5  0  
 2 Chris Tierney            Christian Dvorak         40     0   5  0  

Penalty Kill 4 Players Defense
   Defense                  Defense                  Time % Phy DF OF 
 1 Martin Marincin          Nikita Zadorov           60     1   4  0  
 2 John Moore               Ryan Suter               40     1   4  0  

Penalty Kill - 3 Players Forward 
   Forward                                           Time % Phy DF OF 
 1 Adam Lowry                                        60     0   5  0  
 2 Chris Tierney                                     40     0   5  0  

Penalty Kill - 3 Players Defense
   Defense                  Defense                  Time % Phy DF OF 
 1 Nikita Zadorov           Martin Marincin          60     1   4  0  
 2 John Moore               Jonas Brodin             40     1   4  0  

4 vs 4 Forward 
   Center                   Wing                     Time % Phy DF OF 
 1 Jack Eichel              Marcus Johansson         60     1   2  2  
 2 Evgeny Kuznetsov         Adam Lowry               40     1   2  2  

4 vs 4 Defense
   Defense                  Defense                  Time % Phy DF OF 
 1 Brent Burns              Ryan Suter               60     1   2  2  
 2 John Moore               Kris Letang              40     1   2  2  

Last Minutes Offensive
   Center                   Left Wing                Right Wing               Defense                  Defense                  
   Jack Eichel              Evgeny Kuznetsov         Brent Burns              Kris Letang              Ryan Suter               

Last Minutes Defensive
   Center                   Left Wing                Right Wing               Defense                  Defense                  
   Chris Tierney            Adam Lowry               Joel Ward                Nikita Zadorov           Martin Marincin          

Goaltenders
Starting : Devan Dubnyk             
Backup : Anton Khudobin           

Extra Forwards
Normal : William Nylander, Joel Ward, Christian Dvorak - PP : Jack Eichel, Evgeny Kuznetsov - PK : Christian Dvorak
Extra Defensemen
Normal : Ryan Suter, Martin Marincin, Nikita Zadorov - PP : John Moore - PK : Martin Marincin, Brent Burns
Penalty Shots
Brent Burns, Jack Eichel, Marcus Johansson, Evgeny Kuznetsov, William Nylander
Custom OT Lines Forwards
Brent Burns, Jack Eichel, Marcus Johansson, Evgeny Kuznetsov, Adam Lowry, Daniel Sedin, Ryan Hartman, William Nylander, Joel Ward, Christian Dvorak
Custom OT Lines Defensemen
Brent Burns, Ryan Suter, John Moore, Jonas Brodin, Martin Marincin

Scratches
*salaire Wild* (Suspend), Andrej Nestrasil (Healthy), Frank Vatrano (Healthy), Scott Sabourin (Healthy)

% Time on Ice - Ducks

Lines # - Real PCT - Wanted PCT - Time Play
Normal Forward
1 - 34% - 40% - 17:49
2 - 26% - 30% - 13:46
3 - 23% - 20% - 11:50
4 - 17% - 10% - 8:44
Normal Defense
1 - 38% - 40% - 19:56
2 - 32% - 30% - 16:29
3 - 25% - 20% - 12:50
4 - 6% - 10% - 2:54
PP Forward
1 - 55% - 60% - 2:09
2 - 45% - 40% - 1:44
PP Defense
1 - 48% - 60% - 1:53
2 - 52% - 40% - 2:00
PK Forward
1 - 80% - 60% - 3:10
2 - 20% - 40% - 0:48
PK Defense
1 - 56% - 60% - 2:14
2 - 44% - 40% - 1:44
PK3 Forward
1 - 0% - 60%
2 - 0% - 40%
PK3 Defense
1 - 0% - 60%
2 - 0% - 40%
44 Forward
1 - 0% - 60%
2 - 0% - 40%
44 Defense
1 - 0% - 60%
2 - 0% - 40%
Last Minute Offensive  - 0:00
Last Minute Defensive  - 0:00
Total
Forward - 60:00
Defense - 60:00

% Time on Ice - Wild

Lines # - Real PCT - Wanted PCT - Time Play
Normal Forward
1 - 33% - 35% - 17:19
2 - 28% - 30% - 14:32
3 - 23% - 25% - 11:55
4 - 16% - 10% - 8:23
Normal Defense
1 - 39% - 40% - 20:16
2 - 30% - 30% - 15:44
3 - 30% - 30% - 15:37
4 - 1% - 0% - 0:32
PP Forward
1 - 49% - 50% - 1:56
2 - 51% - 50% - 2:02
PP Defense
1 - 63% - 60% - 2:30
2 - 37% - 40% - 1:28
PK Forward
1 - 84% - 60% - 3:16
2 - 16% - 40% - 0:37
PK Defense
1 - 59% - 60% - 2:17
2 - 41% - 40% - 1:36
PK3 Forward
1 - 0% - 60%
2 - 0% - 40%
PK3 Defense
1 - 0% - 60%
2 - 0% - 40%
44 Forward
1 - 0% - 60%
2 - 0% - 40%
44 Defense
1 - 0% - 60%
2 - 0% - 40%
Last Minute Offensive  - 0:00
Last Minute Defensive  - 0:00
Total
Forward - 60:00
Defense - 60:00

Play by Play

1st period


0:01 of 1st period - David Krejci wins face-off versus Jack Eichel in neutral zone.
0:50 of 1st period - Snap shot by Craig Smith.
0:50 of 1st period - Shot Blocked by Ryan Suter.
1:09 of 1st period - Off-side.
1:10 of 1st period - Chris Tierney wins face-off versus Riley Nash in neutral zone.
1:15 of 1st period - Snap shot by Ryan Hartman.
1:15 of 1st period - Stopped by Jacob Markstrom without a rebound.
1:16 of 1st period - David Krejci wins face-off versus Jack Eichel in Ducks zone.
1:31 of 1st period - Slapshot by Patrik Laine.
1:31 of 1st period - Shot Misses the Net.
1:41 of 1st period - Jean-Gabriel Pageau is hit by Adam Lowry and loses puck.
1:48 of 1st period - Backhand shot by William Nylander.
1:48 of 1st period - Shot Misses the Net.
1:58 of 1st period - Adam Lowry is hit by Rasmus Ristolainen and loses puck.
2:09 of 1st period - Snap shot by William Nylander.
2:09 of 1st period - Deflect By Marcus Johansson.
2:09 of 1st period - Shot Misses the Net.
2:09 of 1st period - Puck is out of play.
2:10 of 1st period - Christian Dvorak wins face-off versus David Krejci in Ducks zone.
2:25 of 1st period - Slapshot by Daniel Sedin.
2:25 of 1st period - Stopped by Jacob Markstrom with a rebound.
2:35 of 1st period - Ryan Suter is hit by Trevor Lewis and loses puck.
2:56 of 1st period - Martin Marincin is hit by Cody McLeod and loses puck.
3:03 of 1st period - Nick Leddy is hit by Martin Marincin and loses puck.
3:20 of 1st period - John Moore is hit by Phillip Danault and loses puck.
3:49 of 1st period - Snap shot by Milan Lucic.
3:49 of 1st period - Shot Misses the Net.
4:00 of 1st period - Off-side.
4:01 of 1st period - Jack Eichel wins face-off versus Trevor Lewis in neutral zone.
4:48 of 1st period - Snap shot by Milan Lucic.
4:48 of 1st period - Stopped by Devan Dubnyk without a rebound.
4:49 of 1st period - Jordan Staal wins face-off versus Christian Dvorak in Wild zone.
5:37 of 1st period - Wrist shot by Jack Eichel.
5:37 of 1st period - Stopped by Jacob Markstrom without a rebound.
5:38 of 1st period - Adam Lowry wins face-off versus Tom Wilson in Ducks zone.
5:41 of 1st period - Wrist shot by Marcus Johansson.
5:41 of 1st period - Shot Misses the Net.
5:51 of 1st period - Snap shot by Nick Leddy.
5:51 of 1st period - Deflect By Ryan Suter.
5:51 of 1st period - Stopped by Devan Dubnyk without a rebound.
5:52 of 1st period - David Krejci wins face-off versus Jack Eichel in Wild zone.
6:01 of 1st period - Wrist shot by Brent Burns.
6:01 of 1st period - Shot Blocked by Jack Johnson.
6:07 of 1st period - Snap shot by Jack Eichel.
6:07 of 1st period - Shot Misses the Net.
6:24 of 1st period - Jean-Gabriel Pageau is hit by Daniel Sedin and loses puck.
7:12 of 1st period - Slapshot by Tom Wilson.
7:12 of 1st period - Shot Blocked by Nikita Zadorov.
7:58 of 1st period - Riley Nash is hit by Brent Burns and loses puck.
8:17 of 1st period - Snap shot by Marcus Johansson.
8:17 of 1st period - Deflect By Tom Wilson.
8:17 of 1st period - Shot Misses the Net.
8:17 of 1st period - Puck is out of play.
8:18 of 1st period - Adam Lowry wins face-off versus David Krejci in Ducks zone.
8:19 of 1st period - Snap shot by Marcus Johansson.
8:19 of 1st period - Stopped by Jacob Markstrom with a rebound.
8:25 of 1st period - Wrist shot by Patrik Laine.
8:25 of 1st period - Shot Hit the Post.
9:08 of 1st period - Snap shot by Christian Dvorak.
9:08 of 1st period - Goal by Christian Dvorak - Ducks : 0 - Wild : 1.
9:09 of 1st period - David Krejci wins face-off versus Jack Eichel in neutral zone.
9:26 of 1st period - Snap shot by Jack Eichel.
9:26 of 1st period - Stopped by Jacob Markstrom with a rebound.
10:01 of 1st period - Trevor Lewis is hit by John Moore and loses puck.
10:26 of 1st period - Joel Ward is hit by Jonathan Ericsson.
10:50 of 1st period - Snap shot by Phillip Danault.
10:50 of 1st period - Shot Hit the Post.
11:36 of 1st period - Wrist shot by Tommy Wingels.
11:36 of 1st period - Deflect By Riley Nash.
11:36 of 1st period - Shot Blocked by Jonas Brodin.
11:36 of 1st period - Puck is out of play.
11:37 of 1st period - Riley Nash wins face-off versus Chris Tierney in Wild zone.
11:40 of 1st period - Backhand shot by Riley Nash.
11:40 of 1st period - Goal by Riley Nash - Ducks : 1 - Wild : 1.
11:41 of 1st period - Evgeny Kuznetsov wins face-off versus David Krejci in neutral zone.
12:07 of 1st period - Rasmus Ristolainen is hit by John Moore and loses puck.
13:21 of 1st period - Wrist shot by Milan Lucic.
13:21 of 1st period - Stopped by Devan Dubnyk with a rebound.
14:31 of 1st period - Snap shot by Ryan Hartman.
14:31 of 1st period - Stopped by Jacob Markstrom without a rebound.
14:32 of 1st period - Trevor Lewis wins face-off versus Brent Burns in Ducks zone.
14:43 of 1st period - Wrist shot by Trevor Lewis.
14:43 of 1st period - Stopped by Devan Dubnyk without a rebound.
14:44 of 1st period - David Krejci wins face-off versus Jack Eichel in Wild zone.
14:47 of 1st period - Wrist shot by Patrik Laine.
14:47 of 1st period - Shot Misses the Net.
15:15 of 1st period - Snap shot by Phillip Danault.
15:15 of 1st period - Deflect By Jordan Staal.
15:15 of 1st period - Goal by Jordan Staal - Ducks : 2 - Wild : 1.
15:16 of 1st period - David Krejci wins face-off versus Adam Lowry in neutral zone.
15:21 of 1st period - Kris Letang is hit by Patrik Laine and loses puck.
16:28 of 1st period - Tom Wilson is hit by Christian Dvorak and loses puck.
16:58 of 1st period - Off-side.
16:59 of 1st period - Christian Dvorak wins face-off versus Jordan Staal in neutral zone.
17:10 of 1st period - John Moore is hit by Nick Leddy and loses puck.
17:46 of 1st period - Snap shot by Ryan Hartman.
17:46 of 1st period - Shot Blocked by Jack Johnson.
18:48 of 1st period - Snap shot by Milan Lucic.
18:48 of 1st period - Shot Misses the Net.
18:54 of 1st period - Patrik Laine is hit by Daniel Sedin and loses puck.
19:06 of 1st period - Off-side.
19:07 of 1st period - Tom Wilson wins face-off versus Chris Tierney in neutral zone.
19:18 of 1st period - Snap shot by Craig Smith.
19:18 of 1st period - Stopped by Devan Dubnyk without a rebound.
19:19 of 1st period - David Krejci wins face-off versus Jack Eichel in Wild zone.
19:20 of 1st period - Snap shot by Milan Lucic.
19:20 of 1st period - Stopped by Devan Dubnyk with a rebound.
19:30 of 1st period - Slapshot by Brent Burns.
19:30 of 1st period - Stopped by Jacob Markstrom with a rebound.
19:32 of 1st period - Snap shot by Kris Letang.
19:32 of 1st period - Stopped by Jacob Markstrom with a rebound.
19:34 of 1st period - Wrist shot by Brent Burns.
19:34 of 1st period - Shot Blocked by Deryk Engelland.
19:36 of 1st period - Snap shot by Ryan Suter.
19:36 of 1st period - Stopped by Jacob Markstrom without a rebound.
19:37 of 1st period - Jordan Staal wins face-off versus Adam Lowry in Ducks zone.
19:48 of 1st period - Snap shot by Phillip Danault.
19:48 of 1st period - Deflect By Jordan Staal.
19:48 of 1st period - Shot Misses the Net.
19:48 of 1st period - Puck is out of play.
19:49 of 1st period - Jack Eichel wins face-off versus David Krejci in Wild zone.
Goals for this period are 2 for Ducks vs 1 for Wild.
Shots for this period are 8 for Ducks vs 10 for Wild.

2nd period


0:01 of 2nd period - Jack Eichel wins face-off versus David Krejci in neutral zone.
0:52 of 2nd period - Riley Nash is hit by Kris Letang and loses puck.
0:57 of 2nd period - Slapshot by Kris Letang.
0:57 of 2nd period - Stopped by Jacob Markstrom with a rebound.
0:59 of 2nd period - Snap shot by Kris Letang.
0:59 of 2nd period - Stopped by Jacob Markstrom without a rebound.
1:00 of 2nd period - David Krejci wins face-off versus Jack Eichel in Ducks zone.
1:27 of 2nd period - Snap shot by Trevor Lewis.
1:27 of 2nd period - Stopped by Devan Dubnyk with a rebound.
1:59 of 2nd period - Snap shot by Rasmus Ristolainen.
1:59 of 2nd period - Stopped by Devan Dubnyk with a rebound.
2:11 of 2nd period - Nikita Zadorov is hit by Craig Smith and loses puck.
2:20 of 2nd period - Snap shot by Brent Burns.
2:20 of 2nd period - Shot Blocked by Jack Johnson.
2:34 of 2nd period - Wrist shot by Jack Eichel.
2:34 of 2nd period - Deflect By Rasmus Ristolainen.
2:34 of 2nd period - Shot Misses the Net.
2:34 of 2nd period - Puck is out of play.
2:35 of 2nd period - David Krejci wins face-off versus Adam Lowry in Ducks zone.
2:50 of 2nd period - Wrist shot by David Krejci.
2:50 of 2nd period - Shot Misses the Net.
3:02 of 2nd period - Jonas Brodin is hit by Jordan Staal and loses puck.
3:20 of 2nd period - Icing by Tommy Wingels.
3:21 of 2nd period - Chris Tierney wins face-off versus Riley Nash in Ducks zone.
3:30 of 2nd period - Backhand shot by Kris Letang.
3:30 of 2nd period - Deflect By Ryan Hartman.
3:30 of 2nd period - Shot Misses the Net.
3:30 of 2nd period - Puck is out of play.
3:31 of 2nd period - David Krejci wins face-off versus Adam Lowry in Ducks zone.
3:40 of 2nd period - Wrist shot by David Krejci.
3:40 of 2nd period - Stopped by Devan Dubnyk with a rebound.
3:56 of 2nd period - Joel Ward is hit by Phillip Danault.
4:04 of 2nd period - Snap shot by Christian Dvorak.
4:04 of 2nd period - Stopped by Jacob Markstrom without a rebound.
4:05 of 2nd period - Jordan Staal wins face-off versus Adam Lowry in Ducks zone.
4:05 of 2nd period - Jordan Staal is hit by Marcus Johansson.
5:37 of 2nd period - Snap shot by David Krejci.
5:37 of 2nd period - Shot Blocked by Kris Letang.
6:38 of 2nd period - Slapshot by Marcus Johansson.
6:38 of 2nd period - Stopped by Jacob Markstrom with a rebound.
6:52 of 2nd period - Snap shot by Nick Leddy.
6:52 of 2nd period - Shot Hit the Post.
7:55 of 2nd period - Jonas Brodin is hit by Cody McLeod and loses puck.
8:15 of 2nd period - Snap shot by Marcus Johansson.
8:15 of 2nd period - Shot Misses the Net.
8:39 of 2nd period - Jack Johnson is hit by Nikita Zadorov and loses puck.
8:54 of 2nd period - Wrist shot by Marcus Johansson.
8:54 of 2nd period - Stopped by Jacob Markstrom with a rebound.
9:02 of 2nd period - Snap shot by Marcus Johansson.
9:02 of 2nd period - Stopped by Jacob Markstrom without a rebound.
9:03 of 2nd period - Jack Eichel wins face-off versus Jordan Staal in Ducks zone.
9:04 of 2nd period - Snap shot by Brent Burns.
9:04 of 2nd period - Stopped by Jacob Markstrom with a rebound.
9:06 of 2nd period - Wrist shot by Nikita Zadorov.
9:06 of 2nd period - Shot Blocked by Phillip Danault.
9:34 of 2nd period - Icing by Deryk Engelland.
9:35 of 2nd period - Christian Dvorak wins face-off versus Trevor Lewis in Ducks zone.
9:46 of 2nd period - Slapshot by Nick Leddy.
9:46 of 2nd period - Deflect By Kris Letang.
9:46 of 2nd period - Stopped by Devan Dubnyk with a rebound.
9:52 of 2nd period - Snap shot by Craig Smith.
9:52 of 2nd period - Shot Misses the Net.
10:04 of 2nd period - Slapshot by Nick Leddy.
10:04 of 2nd period - Stopped by Devan Dubnyk with a rebound.
10:28 of 2nd period - Slapshot by John Moore.
10:28 of 2nd period - Stopped by Jacob Markstrom with a rebound.
10:30 of 2nd period - Snap shot by Lawson Crouse.
10:30 of 2nd period - Stopped by Jacob Markstrom with a rebound.
10:46 of 2nd period - William Nylander is hit by Patrik Laine and loses puck.
11:40 of 2nd period - Off-side.
11:41 of 2nd period - Adam Lowry wins face-off versus David Krejci in neutral zone.
11:50 of 2nd period - Wrist shot by Marcus Johansson.
11:50 of 2nd period - Shot Misses the Net.
12:09 of 2nd period - Snap shot by Jordan Staal.
12:09 of 2nd period - Deflect By Jean-Gabriel Pageau.
12:09 of 2nd period - Stopped by Devan Dubnyk with a rebound.
12:11 of 2nd period - Slapshot by Deryk Engelland.
12:11 of 2nd period - Stopped by Devan Dubnyk without a rebound.
12:12 of 2nd period - Jordan Staal wins face-off versus Jack Eichel in Wild zone.
12:21 of 2nd period - Wrist shot by Brent Burns.
12:21 of 2nd period - Stopped by Jacob Markstrom with a rebound.
12:52 of 2nd period - Phillip Danault is hit by Brent Burns and loses puck.
13:21 of 2nd period - Slapshot by Jordan Staal.
13:21 of 2nd period - Stopped by Devan Dubnyk without a rebound.
13:22 of 2nd period - Joel Ward wins face-off versus David Krejci in Wild zone.
13:29 of 2nd period - Snap shot by David Krejci.
13:29 of 2nd period - Shot Misses the Net.
13:31 of 2nd period - Slapshot by Jonathan Ericsson.
13:31 of 2nd period - Shot Misses the Net.
13:35 of 2nd period - Wrist shot by David Krejci.
13:35 of 2nd period - Shot Misses the Net.
13:37 of 2nd period - Slapshot by Connor Carrick.
13:37 of 2nd period - Stopped by Devan Dubnyk with a rebound.
13:47 of 2nd period - Tom Wilson is hit by Ryan Suter and loses puck.
14:41 of 2nd period - Slapshot by Kris Letang.
14:41 of 2nd period - Shot Blocked by Tom Wilson.
15:29 of 2nd period - Wrist shot by Jack Eichel.
15:29 of 2nd period - Shot Blocked by Cody McLeod.
15:41 of 2nd period - Daniel Sedin is hit by David Krejci and loses puck.
16:17 of 2nd period - Wrist shot by Tommy Wingels.
16:17 of 2nd period - Stopped by Devan Dubnyk with a rebound.
16:19 of 2nd period - Snap shot by Cody McLeod.
16:19 of 2nd period - Stopped by Devan Dubnyk without a rebound.
16:20 of 2nd period - Jack Eichel wins face-off versus Riley Nash in Wild zone.
16:33 of 2nd period - Minor Penalty to Cody McLeod for Hooking.
16:34 of 2nd period - Jack Eichel wins face-off versus Phillip Danault in Ducks zone.
16:41 of 2nd period - Backhand shot by Kris Letang.
16:41 of 2nd period - Stopped by Jacob Markstrom with a rebound.
16:43 of 2nd period - Snap shot by Marcus Johansson.
16:43 of 2nd period - Shot Blocked by Phillip Danault.
16:45 of 2nd period - Wrist shot by Jack Eichel.
16:45 of 2nd period - Deflect By Marcus Johansson.
16:45 of 2nd period - Stopped by Jacob Markstrom without a rebound.
16:46 of 2nd period - Phillip Danault wins face-off versus Evgeny Kuznetsov in Ducks zone.
16:46 of 2nd period - Phillip Danault is hit by Evgeny Kuznetsov.
16:52 of 2nd period - Snap shot by Rasmus Ristolainen.
16:52 of 2nd period - Stopped by Devan Dubnyk without a rebound.
16:53 of 2nd period - Evgeny Kuznetsov wins face-off versus Tom Wilson in Wild zone.
16:53 of 2nd period - Evgeny Kuznetsov is hit by Jonathan Ericsson.
16:59 of 2nd period - Adam Lowry is hit by Tom Wilson and loses puck.
17:08 of 2nd period - Snap shot by William Nylander.
17:08 of 2nd period - Stopped by Jacob Markstrom with a rebound.
17:18 of 2nd period - Tom Wilson is hit by Brent Burns.
18:33 of 2nd period - Penalty to Cody McLeod is over, Cody McLeod is back on ice.
18:49 of 2nd period - Snap shot by Ryan Hartman.
18:49 of 2nd period - Shot Blocked by Deryk Engelland.
19:03 of 2nd period - Snap shot by Christian Dvorak.
19:03 of 2nd period - Shot Blocked by Nick Leddy.
19:21 of 2nd period - Evgeny Kuznetsov is hit by David Krejci and loses puck.
19:28 of 2nd period - Patrik Laine is hit by Jack Eichel and loses puck.
Goals for this period are 0 for Ducks vs 0 for Wild.
Shots for this period are 12 for Ducks vs 13 for Wild.

3rd period


0:01 of 3rd period - David Krejci wins face-off versus Brent Burns in neutral zone.
0:12 of 3rd period - Rasmus Ristolainen is hit by Brent Burns and loses puck.
0:50 of 3rd period - Marcus Johansson is hit by Riley Nash and loses puck.
0:59 of 3rd period - Tommy Wingels is hit by Adam Lowry and loses puck.
1:16 of 3rd period - Snap shot by Evgeny Kuznetsov.
1:16 of 3rd period - Stopped by Jacob Markstrom with a rebound.
1:18 of 3rd period - Slapshot by Nikita Zadorov.
1:18 of 3rd period - Shot Blocked by Connor Carrick.
1:20 of 3rd period - Slapshot by Martin Marincin.
1:20 of 3rd period - Stopped by Jacob Markstrom with a rebound.
1:39 of 3rd period - Off-side.
1:40 of 3rd period - Jordan Staal wins face-off versus Adam Lowry in neutral zone.
2:10 of 3rd period - Wrist shot by Jack Eichel.
2:10 of 3rd period - Shot Misses the Net.
2:12 of 3rd period - Slapshot by Kris Letang.
2:12 of 3rd period - Deflect By David Krejci.
2:12 of 3rd period - Stopped by Jacob Markstrom with a rebound.
3:11 of 3rd period - Tommy Wingels is hit by Evgeny Kuznetsov and loses puck.
3:30 of 3rd period - Milan Lucic is hit by Adam Lowry and loses puck.
4:15 of 3rd period - Ryan Suter is hit by Tom Wilson and loses puck.
4:34 of 3rd period - Wrist shot by Craig Smith.
4:34 of 3rd period - Shot Blocked by Evgeny Kuznetsov.
4:50 of 3rd period - Snap shot by Craig Smith.
4:50 of 3rd period - Stopped by Devan Dubnyk with a rebound.
5:12 of 3rd period - Wrist shot by Brent Burns.
5:12 of 3rd period - Stopped by Jacob Markstrom with a rebound.
5:14 of 3rd period - Slapshot by Kris Letang.
5:14 of 3rd period - Shot Blocked by Rasmus Ristolainen.
5:16 of 3rd period - Wrist shot by Evgeny Kuznetsov.
5:16 of 3rd period - Stopped by Jacob Markstrom with a rebound.
5:18 of 3rd period - Slapshot by Brent Burns.
5:18 of 3rd period - Shot Blocked by Jack Johnson.
5:20 of 3rd period - Slapshot by Kris Letang.
5:20 of 3rd period - Stopped by Jacob Markstrom with a rebound.
5:22 of 3rd period - Slapshot by Kris Letang.
5:22 of 3rd period - Deflect By Craig Smith.
5:22 of 3rd period - Stopped by Jacob Markstrom with a rebound.
5:34 of 3rd period - Wrist shot by Craig Smith.
5:34 of 3rd period - Stopped by Devan Dubnyk without a rebound.
5:35 of 3rd period - David Krejci wins face-off versus Adam Lowry in Wild zone.
6:00 of 3rd period - Jonathan Ericsson is hit by Daniel Sedin and loses puck.
6:05 of 3rd period - Snap shot by Daniel Sedin.
6:05 of 3rd period - Deflect By Joel Ward.
6:05 of 3rd period - Stopped by Jacob Markstrom with a rebound.
7:08 of 3rd period - Minor Penalty to Deryk Engelland for Diving.
7:09 of 3rd period - Phillip Danault wins face-off versus Jack Eichel in Ducks zone.
8:02 of 3rd period - Wrist shot by Patrik Laine.
8:02 of 3rd period - Deflect By Jean-Gabriel Pageau.
8:02 of 3rd period - Shot Blocked by Jack Eichel.
8:02 of 3rd period - Puck is out of play.
8:03 of 3rd period - Evgeny Kuznetsov wins face-off versus Jean-Gabriel Pageau in Wild zone.
8:08 of 3rd period - Slapshot by Kris Letang.
8:08 of 3rd period - Deflect By Adam Lowry.
8:08 of 3rd period - Shot Blocked by Rasmus Ristolainen.
8:08 of 3rd period - Puck is out of play.
8:09 of 3rd period - Phillip Danault wins face-off versus Evgeny Kuznetsov in Ducks zone.
8:09 of 3rd period - Phillip Danault is hit by William Nylander.
8:40 of 3rd period - Snap shot by Tommy Wingels.
8:40 of 3rd period - Shot Misses the Net.
9:08 of 3rd period - Penalty to Deryk Engelland is over, Deryk Engelland is back on ice.
9:12 of 3rd period - Trevor Lewis is hit by Ryan Suter and loses puck.
9:25 of 3rd period - Slapshot by Nick Leddy.
9:25 of 3rd period - Shot Blocked by Chris Tierney.
10:23 of 3rd period - Minor Penalty to Brent Burns for Hooking.
10:24 of 3rd period - Adam Lowry wins face-off versus Jordan Staal in Wild zone.
10:24 of 3rd period - Adam Lowry is hit by Jordan Staal.
10:55 of 3rd period - Ryan Suter is hit by Jack Johnson and loses puck.
11:16 of 3rd period - Ryan Suter is hit by Milan Lucic and loses puck.
12:23 of 3rd period - Penalty to Brent Burns is over, Brent Burns is back on ice.
12:42 of 3rd period - Cody McLeod is hit by Ryan Suter.
13:41 of 3rd period - Patrik Laine is hit by Evgeny Kuznetsov and loses puck.
13:42 of 3rd period - Patrik Laine from Ducks is injured at 13:42 of 3rd period (Fractured Metatarsal (Right Foot)).
13:43 of 3rd period - Adam Lowry wins face-off versus Phillip Danault in Ducks zone.
13:44 of 3rd period - Wrist shot by Marcus Johansson.
13:44 of 3rd period - Stopped by Jacob Markstrom without a rebound.
13:45 of 3rd period - Adam Lowry wins face-off versus David Krejci in Ducks zone.
13:54 of 3rd period - Snap shot by Marcus Johansson.
13:54 of 3rd period - Shot Misses the Net.
14:10 of 3rd period - Kris Letang is hit by Rasmus Ristolainen and loses puck.
14:31 of 3rd period - Snap shot by Joel Ward.
14:31 of 3rd period - Shot Blocked by Nick Leddy.
14:37 of 3rd period - Nikita Zadorov is hit by Cody McLeod and loses puck.
14:56 of 3rd period - Snap shot by Phillip Danault.
14:56 of 3rd period - Shot Misses the Net.
15:31 of 3rd period - Snap shot by Brent Burns.
15:31 of 3rd period - Stopped by Jacob Markstrom with a rebound.
15:41 of 3rd period - Slapshot by Brent Burns.
15:41 of 3rd period - Shot Misses the Net.
15:51 of 3rd period - Jordan Staal is hit by Marcus Johansson and loses puck.
16:08 of 3rd period - Wrist shot by David Krejci.
16:08 of 3rd period - Shot Blocked by Joel Ward.
16:10 of 3rd period - Wrist shot by Craig Smith.
16:10 of 3rd period - Shot Misses the Net.
16:12 of 3rd period - Slapshot by Milan Lucic.
16:12 of 3rd period - Shot Misses the Net.
16:32 of 3rd period - Backhand shot by Lawson Crouse.
16:32 of 3rd period - Shot Misses the Net.
17:55 of 3rd period - Phillip Danault is hit by John Moore.
18:05 of 3rd period - Minor Penalty to Ryan Suter for Interference.
18:06 of 3rd period - Adam Lowry wins face-off versus Jordan Staal in Wild zone.
18:55 of 3rd period - Icing by Jack Johnson.
18:56 of 3rd period - Jordan Staal wins face-off versus Chris Tierney in Ducks zone.
Goals for this period are 0 for Ducks vs 0 for Wild.
Shots for this period are 2 for Ducks vs 10 for Wild.